 Dungeon Crawl Stone Soup version 0.18-a0-1554-g49b38aa (webtiles) character file.

53 Psiweapon the Bolt Thrower (level 4, 0/39 HPs)
             Began as a Kobold Hunter on Mar 12, 2016.
             Succumbed to an adder's poison
             ... on level 2 of the Dungeon.
             The game lasted 00:05:08 (1077 turns).

Psiweapon the Bolt Thrower (Kobold Hunter)          Turns: 1077, Time: 00:05:08

Health: 0/39       AC:  3    Str: 15    XL:     4   Next: 10%
Magic:  4/4        EV: 15    Int: 15    God:
Gold:   57         SH:  0    Dex: 17    Spells: 0 memorised, 3 levels left

rFire  . . .     SeeInvis .     j - +0 dagger (vamp)
rCold  . . .     Gourm    .     c - +0 leather armour
rNeg   . . .     Faith    .     (shield restricted)
rPois  .         Spirit   .     (no helmet)
rElec  .         Dismiss  .     (no cloak)
rCorr  .         Reflect  .     (no gloves)
SustAt .         Harm     .     (no boots)
MR     .....                    (no amulet)
Stlth  ..........               (no ring)
                                e - +6 ring of intelligence

@: berserking, lethally poisoned (0 -> -14), very quick, not resistant to
hostile enchantments, extremely unstealthy
A: carnivore 3
a: no special abilities


You were on level 2 of the Dungeon.
You were not hungry.

You visited 1 branch of the dungeon, and saw 2 of its levels.

You collected 57 gold pieces.

Inventory:

Hand Weapons
 a - a +1 hand crossbow
 b - a +0 short sword
 j - a +0 vampiric dagger (weapon)
Missiles
 d - 14 bolts
Armour
 c - a +0 leather armour (worn)
Jewellery
 e - a +6 ring of intelligence (left hand)
Scrolls
 g - a scroll of random uselessness {unknown}
 m - a scroll of enchant weapon {unknown}
 n - 3 scrolls of noise {unknown}
 o - a scroll of fear {unknown}
 p - a scroll of magic mapping {unknown}
Potions
 h - a potion of degeneration {unknown}
 i - a potion of agility {unknown}
 l - a potion of might {unknown}
 q - a potion of heal wounds {unknown}
Comestibles
 f - 2 meat rations
 r - a beef jerky


   Skills:
 - Level 2.1 Fighting
 + Level 1.8 Short Blades
 - Level 5.3 Crossbows
 - Level 2.4 Dodging
 + Level 3.8 Stealth


You had 3 spell levels left.
You didn't know any spells.

Dungeon Overview and Level Annotations

Branches:
Dungeon (2/15)

Altars:

Annotations:
D:2 Sigmund


Innate Abilities, Weirdness & Mutations

You are small and have problems with some larger weapons.
You are carnivorous and can eat meat at any time.


Message History

You hit the adder.
You feel better.
The adder is almost dead.
* * * LOW HITPOINT WARNING * * *
You feel sick. The adder completely misses you. The adder barely misses you.
You closely miss the adder.
The adder is almost dead.
* * * LOW HITPOINT WARNING * * *
You feel sick. The adder bites you.
* * * LOW HITPOINT WARNING * * *
You are more poisoned.
The adder poisons you!
You miss the adder.
The adder is almost dead.
* * * LOW HITPOINT WARNING * * *
You feel sick. The adder misses you.
Drink which item? (? for menu, Esc to quit)
It was a potion of berserk rage.
A red film seems to cover your vision as you go berserk!
You feel yourself moving faster!
You feel mighty!
You die...

#...# #.S.# #
#...# . #...##
#.... ... #S# .
#@## ...... #..#
##........ ##.##
#..........
#..###..#........
#................
##.#.)### .......
##...## #.....
###.....# #...
#....##.# ###...


You could see 2 adders.

Vanquished Creatures
  An adder (D:2)
  A worm (D:2)
  3 dart slugs
  A giant gecko (D:1)
  A ball python (D:2)
  2 giant cockroaches (D:2)
  5 goblins
  2 hobgoblins
  A quokka (D:2)
  4 bats
  5 kobolds (D:1)
  7 rats
33 creatures vanquished.

Notes
Turn   | Place    | Note
--------------------------------------------------------------
     0 | D:1      | Psiweapon the Kobold Hunter began the quest for the Orb.
     0 | D:1      | Reached XP level 1. HP: 12/12 MP: 1/1
   115 | D:1      | Reached skill level 5 in Crossbows
   154 | D:1      | Reached XP level 2. HP: 17/17 MP: 2/2
   582 | D:1      | Reached XP level 3. HP: 21/21 MP: 3/3
   776 | D:2      | Reached skill level 1 in Short Blades
   934 | D:2      | Reached XP level 4. HP: 26/26 MP: 4/4
   965 | D:2      | Noticed Sigmund
  1075 | D:2      | HP: 1/26 [adder (2)]
  1077 | D:2      | Succumbed to an adder's poison

Vault maps used:
D:1:      saegor_arrival_simple_e
D:2:      uniq_sigmund

Skill      XL: |  1  2  3 |
---------------+----------+-----
Crossbows      | 5 |  5.3
Stealth        | 2 3 |  3.8
Short Blades   | 1 |  1.8
Fighting       | |  2.1
Dodging        | |  2.4

Action                   |  1- 3 |  4- 6 || total
-------------------------+-------+-------++-------
Melee: Short sword       |    47 |       ||    47
       Dagger            |     6 |    17 ||    23
 Fire: Hand crossbow     |    35 |     3 ||    38
  Use: Potion            |       |     1 ||     1
 Stab: Sleeping          |     3 |     1 ||     4
  Eat: Chunk             |    13 |       ||    13
